 Dungeon Crawl Stone Soup version 0.9.0-27-g8a39726 character file.

2670172 Dustman the Conqueror (level 27, 277/277 HPs)
             Began as a Hill Orc Fighter on Feb 8, 2012.
             Was a High Priest of Zin.
             Escaped with the Orb
             ... and 6 runes on Feb 13, 2012!
             The game lasted 1day 02:50:35 (143601 turns).

Dustman the Conqueror (Hill Orc Fighter)       Turns: 143601, Time: 1, 02:50:35

HP 277/277       AC 50     Str 33      XL: 27
MP  44/44        EV 20     Int  6      God: Zin [*****.]
Gold 5128        SH  0     Dex 13      Spells:  0 memorised, 28 levels left

Res.Fire  : + + .   See Invis. : +   h - +8,+7 bardiche (flame)
Res.Cold  : + . .   Warding    : . . S - +10 orc plate mail {rC+}
Life Prot.: + + .   Conserve   : +   (no shield)
Res.Acid. : + . .   Res.Corr.  : +   E - +2 helmet of Okawaru {god gift, rElec SInv
Res.Poison: .       Clarity    : +   z - +2 cloak {rCorr, Cons} {god gift}
Res.Elec. : +       Spirit.Shd : .   C - +2 pair of Fencer's gloves {EV+3 Dex+3 Acc
Sust.Abil.: . .     Stasis     : .   T - +2 pair of boots {run} {god gift}
Res.Mut.  : +       Ctrl.Telep.: x   V - amulet "Dazywn" {Clar rN+ Acc+3}
Res.Rott. : +       Levitation : .   M - ring "Ebynaon" {+Lev rF++ Int+2}
Saprovore : + . .   Ctrl.Flight: .   m - ring of Muafioro {rElec rN+ MR SInv}

@: quick, very resistant to hostile enchantments, extremely unstealthy
A: blurry vision 1, saprovore 1, Int -1
a: Recite, Vitalisation, Imprison, Sanctuary, Renounce Religion, Evoke
Levitation
}: 6/15 runes: decaying, barnacled, slimy, silver, golden, abyssal


You escaped.
You worshipped Zin.
Zin was exalted by your worship.
You were not hungry.

You visited 14 branches of the dungeon, and saw 85 of its levels.
You visited the Abyss 4 times.
You visited 1 Labyrinth.
You visited 6 portal chambers: sewer, volcano, spiders nest, bailey, ice cave, trove.

You collected 14411 gold pieces.
You spent 3036 gold pieces at shops.
You donated 6267 gold pieces.

Inventory:

Hand weapons
 h - a +8,+7 bardiche of flaming (weapon)
 x - a +8,+8 halberd of protection
Armour
 z - a +2 cloak of preservation (worn) {god gift}
 C - the +2 pair of Fencer's gloves (worn) {EV+3 Dex+3 Acc+5}
   (You acquired it on level 3 of the Lair of Beasts)

   It affects your evasion (+3).
   It affects your dexterity (+3).
   It affects your accuracy (+5).
 E - the +2 helmet of Okawaru (worn) {god gift, rElec SInv Stlth--}
   (Okawaru gifted it to you on level 24 of the Dungeon)

   It insulates you from electricity.
   It enhances your eyesight.
   It makes you much less stealthy.
 J - the +15 shield "Bullseye" {EV-5}
   (You found it on level 17 of the Dungeon)

   It affects your evasion (-5).
 S - a +10 orcish plate mail of cold resistance (worn)
 T - a +2 pair of boots of running (worn) {god gift}
 Y - a +4 pearl dragon armour
Magical devices
 a - a wand of disintegration (12)
 c - a wand of healing (1)
 f - a wand of fireball (7)
 i - a wand of fireball (11)
 j - a wand of disintegration (3)
 k - a wand of hasting (1)
 q - a wand of cold (3)
 A - a wand of cold (6)
 W - a wand of fire (3)
 X - a wand of teleportation (4)
Comestibles
 d - 13 meat rations
 p - 8 royal jellies
 v - 5 bread rations
Scrolls
 b - a scroll of vulnerability
 g - a scroll of fog
 l - a scroll of detect curse
 n - a scroll of holy word
 o - 2 scrolls of fear
 r - a scroll of magic mapping
 w - 7 scrolls of remove curse
 y - 5 scrolls of teleportation
 O - a scroll of amnesia
 Z - 12 scrolls of identify
Jewellery
 m - the ring of Muafioro (left hand) {rElec rN+ MR SInv}
   (You found it on level 6 of the Pits of Slime)

   [ring of life protection]

   It insulates you from electricity.
   It increases your resistance to enchantments.
   It enhances your eyesight.
 s - the amulet "Kufakishi" {Stasis rElec rN+ MR}
   (You found it on level 3 of the Tomb of the Ancients)

   [amulet of stasis]

   It insulates you from electricity.
   It protects you from negative energy.
   It increases your resistance to enchantments.
 M - the ring "Ebynaon" (right hand) {+Lev rF++ Int+2}
   (You found it in a spider's nest)

   [ring of levitation]

   It affects your intelligence (+2).
   It greatly protects you from fire.
 V - the amulet "Dazywn" (around neck) {Clar rN+ Acc+3}
   (You found it on level 5 of the Elven Halls)

   [amulet of clarity]

   It affects your accuracy (+3).
   It protects you from negative energy.
Potions
 e - 3 potions of levitation
 t - 3 potions of brilliance
 H - a potion of restore abilities
 K - 2 potions of resistance
Orbs of Power
 u - the Orb of Zot


   Skills:
 O Level 27 Fighting
 O Level 27 Polearms
 O Level 27 Armour
 - Level 20 Dodging
 - Level 6 Stealth
 - Level 6 Stabbing
 - Level 6 Shields
 - Level 6 Traps & Doors
 + Level 16 Unarmed Combat
 - Level 1 Spellcasting
 O Level 27 Invocations
 - Level 6 Evocations


You had 28 spell levels left.
You didn't know any spells.

Dungeon Overview and Level Annotations

Branches:
Dungeon (27/27)            Temple (1/1) D:5             Orc (4/4) D:8
    Elf (5/5) Orc:4          Lair (8/8) D:9           Swamp (5/5) Lair:4
 Shoals (5/5) Lair:3        Slime (6/6) Lair:8         Hive (2/2) D:15
  Vault (8/8) D:14          Blade (1/1) Vault:6       Crypt (5/5) Vault:3
   Tomb (3/3) Crypt:3         Zot (5/5) D:27

Altars:
Ashenzari
Cheibriados
Elyvilon
Fedhas
Kikubaaqudgha
Makhleb
Nemelex Xobeh
Okawaru
Sif Muna
The Shining One
Trog
Vehumet
Xom
Yredelemnul
Zin
Beogh
Jiyva

Shops:
D:6: ( D:8: ( D:11: (*(!! D:15: ! D:16: [ D:19: = D:25: ( Orc:2: ( Orc:3: / Orc:4: (?%/ Elf:1: * Elf:2: * Elf:4: * Shoals:1: ? Shoals:5: ( Vault:5: * Vault:7: [

Portals:
Hell: D:21 D:22 D:23 D:24 D:25 D:26 D:27
Abyss: D:24 D:25
Pan: D:24 D:25 D:26 D:27
Ziggurat: D:7 (3590 gp)


Innate Abilities, Weirdness & Mutations

You can tolerate rotten meat.
Your vision is a little blurry.
You are dopey (Int -1).


Message History

A red devil comes into view. It is wielding a trident.
You open the red devil like a pillowcase!!!
You kill the red devil!
You start resting.
A small abomination comes into view.
You open the small abomination like a pillowcase!!!
You kill the small abomination!
Zin accepts your kill.
Drink which item? (? for menu, Esc to quit)
Okay, then.
Evoke which item? (* to show all) (? for menu, Esc to quit)
Zapping:
c - a wand of healing (2)
Press: ? - help, Shift-Dir - straight line, f - you You feel much better.
This wand has 1 charge left.
Use which ability? (? or * to list)
Okay, then.
You offer a prayer to Zin.
Zin is exalted by your worship. Are you sure you want to win?
You have escaped!

#.# #.# #. #.#
#.# #. #.# #.# #.
#.#####.# #.
#.##....# #.
###.##....# #.
..........# ###.
###.##....####...
..>.....@........
###.#####)####...
###.# #(# #...
≈≈..# #.# #)..
.>≈.# #.# #...
≈§§§# #.# #...
###.# #># #...
###.# #.# #...
.##.# #.# #...


There were no monsters in sight!

Vanquished Creatures
  the royal jelly (Slime:6)
  Khufu (Crypt:4)
  5 orbs of fire
  6 ancient liches
  35 greater mummies
  Saint Roka (D:18)
  A curse toe (Zot:4)
  Norris (Vault:3)
  Mara (Vault:6)
  Margery (Blade)
  3 Killer Klowns
  Mennas (Blade)
  5 golden dragons
  4 electric golems
  Frederick (Vault:7)
  4 liches
  A Fiend (D:24)
  A Pit Fiend (D:26)
  The ghost of Danakh the Anemomancer, a mighty HECj of Sif Muna (D:24)
  2 hellephants (Abyss)
  Nikola (Shoals:2)
  23 Orb Guardians (Zot:5)
  A curse skull (Crypt:2)
  2 deep elf blademasters (Elf:5)
  The ghost of Vidiiot the Shatterer, a mighty MDFi of Okawaru (Vault:4)
  3 ghost moths
  2 quicksilver dragons
  21 acid blobs
  3 titans
  A kraken (Shoals:1)
  8 shadow dragons
  8 sphinxes
  18 storm dragons
  Rupert (Swamp:3)
  Agnes (Vault:3)
  Frances (Vault:3)
  6 draconian monks
  Roxanne (Vault:2)
  Aizul (Swamp:3)
  2 Balrugs (Abyss)
  Ilsuiw (Shoals:5)
  Donald (Blade)
  10 bone dragons
  An Executioner (D:24)
  6 ghouls
  10 frost giants
  3 draconian scorchers
  Wiglaf (Vault:5)
  5 draconian zealots
  A quicksilver dragon zombie (Abyss)
  Louise (D:18)
  4 draconian knights
  8 fire giants
  2 draconian shifters
  8 azure jellies
  33 stone giants
  15 tentacled monstrosities
  2 draconian annihilators (Zot:5)
  Maud (D:14)
  A Cacodemon (D:25)
  3 draconian callers
  6 grey draconians
  2 Green Deaths (Abyss)
  6 pale draconians
  2 green draconians (Zot:5)
  Jozef (Swamp:3)
  4 deep elf annihilators (Elf:5)
  8 deep elf death magi
  A red draconian (Zot:2)
  7 purple draconians
  5 mottled draconians
  6 white draconians
  Azrael (Vault:1)
  A dire elephant (Lair:8)
  A titan zombie (Crypt:1)
  2 Blue Deaths
  6 deep elf sorcerers (Elf:5)
  9 black draconians
  2 deep elf master archers (Elf:5)
  7 yellow draconians
  12 ettins
  Snorg (Vault:2)
  3 storm dragon zombies
  32 yaktaur captains
  3 sirens
  An unborn deep dwarf (Abyss)
  24 vault guards (Vault:8)
  A minotaur (Lab)
  30 mummy priests
  The ghost of Impy the Covert, a powerful HaHu of Okawaru (Lair:7)
  10 eidola
  8 dragons
  6 great orbs of eyes
  16 death cobs
  An anaconda zombie (Crypt:3)
  6 death oozes (Slime:6)
  Josephine (Orc:2)
  2 golden dragon zombies
  4 storm dragon skeletons
  Erica (Orc:2)
  Harold (D:11)
  10 ice dragons
  6 merfolk aquamancers (Shoals:5)
  8 merfolk javelineers (Shoals:5)
  Polyphemus (Shoals:2)
  2 golden dragon skeletons
  23 hydras
  10 ogre magi
  Nessos (Swamp:3)
  25 dancing weapons
  9 deep elf demonologists
  An anaconda skeleton (Crypt:5)
  An alligator (Swamp:3)
  4 merfolk impalers (Shoals:5)
  A sphinx zombie (D:25)
  2 draconian zombies (Zot:5)
  3 orc high priests (Orc:4)
  2 deep elf high priests (Elf:5)
  2 stone giant zombies
  A rakshasa (D:15)
  5 very ugly things (Abyss)
  2 hell hogs (Abyss)
  2 frost giant zombies
  Nergalle (D:14)
  7 death yaks
  3 sphinx skeletons
  15 deep trolls
  A vapour (Abyss)
  An iron golem (Vault:6)
  An iron dragon skeleton (Crypt:3)
  A dire elephant zombie (Crypt:2)
  8 shadow wraiths
  14 soul eaters
  2 frost giant skeletons
  A sun demon (Abyss)
  30 centaur warriors
  2 death drakes
  61 skeletal warriors
  A fire giant skeleton (D:18)
  A giant orange brain (Slime:6)
  3 hell knights (Blade)
  3 stone giant skeletons
  An iron troll (Vault:8)
  A catoblepas (Lair:6)
  A dire elephant skeleton (Crypt:5)
  6 ice devils
  9 unseen horrors
  An elephant slug zombie (Crypt:4)
  A grey draconian zombie (Abyss)
  3 pale draconian zombies
  An alligator snapping turtle zombie (Abyss)
  4 sea snakes
  5 naga warriors
  A black draconian zombie (Crypt:2)
  A white draconian zombie (Zot:5)
  25 deep elf knights
  7 harpies
  3 mottled draconian zombies
  A yellow draconian zombie (Abyss)
  A death yak zombie (Crypt:5)
  10 flayed ghosts
  4 ice statues
  29 orc knights
  A pale draconian skeleton (Abyss)
  2 statues (Crypt:5)
  12 flaming corpses
  8 orc sorcerers
  Pikel (D:5)
  A crystal golem (Abyss)
  22 hill giants
  A red draconian zombie (Abyss)
  An iron troll zombie (Vault:7)
  A guardian serpent (Abyss)
  2 lindwurms
  18 giant amoebae
  2 death yak skeletons
  3 grey draconian skeletons
  2 swamp dragons
  A red draconian skeleton (Abyss)
  2 sea snake skeletons (Abyss)
  3 green draconian skeletons
  2 hydra zombies
  2 black draconian skeletons
  14 necromancers
  4 hellions
  A death drake zombie (Crypt:4)
  8 sixfirhies
  A guardian serpent (shapeshifter) (Vault:3)
  4 shining eyes
  3 siren zombies
  4 iron troll skeletons
  9 red wasps
  13 trapdoor spider zombies
  22 cyclopes
  A harpy skeleton (Crypt:5)
  17 phantasmal warriors
  2 catoblepas zombies
  A death drake skeleton (Abyss)
  A spiny worm (shapeshifter) (D:27)
  8 spiny worms
  The ghost of aTarkinC the Magician, an experienced DEAE of Vehumet (D:7)
  A shining eye (shapeshifter) (Vault:8)
  3 hydra skeletons
  2 cyclopes (shapeshifter)
  A siren skeleton (Abyss)
  A stone golem (Abyss)
  10 griffons
  An alligator zombie (Crypt:4)
  26 moths of wrath
  2 eyes of devastation (shapeshifter)
  A fire giant simulacrum (Crypt:2)
  2 ice dragon zombies
  8 elf zombies
  15 reapers
  A dragon zombie (Crypt:5)
  A wolf spider zombie (Crypt:2)
  2 moths of wrath (shapeshifter)
  3 catoblepas skeletons
  4 wolf spiders
  46 large large abominations
  6 trapdoor spiders
  2 fire crabs
  5 eyes of devastation
  A wolf spider (shapeshifter) (D:27)
  A spiny worm zombie (Crypt:5)
  A stone giant simulacrum (D:20)
  A black mamba (shapeshifter) (D:27)
  4 black mambas
  2 weapon mimics
  49 orange demons
  A guardian serpent skeleton (Crypt:1)
  5 ice dragon skeletons
  A queen ant (shapeshifter) (Vault:8)
  31 hellwings
  A yaktaur (shapeshifter) (D:19)
  An alligator skeleton (Crypt:5)
  A dragon skeleton (D:13)
  3 ettin skeletons
  2 griffon skeletons
  111 slime creatures
  A queen ant (Lair:7)
  11 spiny frogs
  A giant toad zombie (Crypt:3)
  12 mermaids
  6 rock trolls
  49 yaktaurs
  A black mamba skeleton (Crypt:2)
  A mottled draconian simulacrum (Abyss)
  A frost giant simulacrum (Abyss)
  2 giant toad skeletons
  Psyche (D:8)
  A dire elephant simulacrum (Abyss)
  106 guardian mummies
  3 draconians (shapeshifter)
  8 hell beasts
  3 naga magi (Abyss)
  3 hill giant skeletons
  13 komodo dragons
  39 smoke demons
  A spriggan skeleton (Crypt:1)
  118 ugly things
  Sonja (Shoals:4)
  4 redbacks
  10 snapping turtles
  4 efreeti
  5 iron devils
  20 trolls
  Prince Ribbit (D:6)
  4 rock troll zombies
  A troll (shapeshifter) (Vault:8)
  A red draconian simulacrum (Tomb:1)
  8 trapdoor spider simulacra
  3 agate snail zombies
  A human zombie (Crypt:5)
  A spriggan (shapeshifter) (Vault:6)
  24 two-headed ogres
  A komodo dragon (shapeshifter) (Vault:8)
  5 deep dwarf necromancers
  2 deep troll zombies
  4 silent spectres
  A bog mummy (Swamp:3)
  6 raven skeletons
  A snapping turtle zombie (Abyss)
  A deep troll skeleton (Abyss)
  5 wandering mushrooms (Zot:4)
  An elf skeleton (Crypt:2)
  3 rock troll skeletons
  31 blink frogs
  11 brown oozes
  A demonic crawler (Abyss)
  8 basilisks
  3 blue devils
  A baby alligator skeleton (Crypt:4)
  30 giant toads
  A giant firefly (shapeshifter) (D:27)
  A snapping turtle skeleton (Crypt:2)
  An elephant zombie (Crypt:3)
  38 merfolk
  2 queen bees
  2 bumblebees (shapeshifter)
  39 small abominations
  5 hairy devils
  A hog zombie (Crypt:2)
  3 wyverns
  24 wraiths
  51 ynoxinuls
  42 yaks
  A metal gargoyle (D:15)
  13 vampires
  19 deep elf conjurers
  A merfolk zombie (Crypt:2)
  2 shadow demons (Abyss)
  5 bumblebees (D:27)
  2 elephant skeletons (Crypt:3)
  4 fire elementals
  A blink frog zombie (Crypt:2)
  A swamp dragon skeleton (Crypt:5)
  31 vampire mosquitoes
  Eustachio (D:8)
  2 blink frog skeletons
  4 sharks
  11 fire drakes
  4 chaos spawn (Abyss)
  18 deep elf summoners
  A clay golem (Abyss)
  44 deep elf fighters
  5 steam dragons
  An elf (Lair:8)
  5 war dogs
  11 hungry ghosts
  A hog (shapeshifter) (Vault:6)
  A rock worm (Vault:6)
  12 hippogriffs
  22 golden eyes
  A yaktaur zombie (Vault:1)
  A giant slug zombie (Abyss)
  7 elves (shapeshifter)
  4 cyclops zombies
  31 neqoxecs
  8 mottled dragons
  26 necrophages
  29 freezing wraiths
  15 manticores
  15 soldier ants
  A kenku (Abyss)
  A deep troll simulacrum (Vault:6)
  A fire drake skeleton (Crypt:1)
  12 hell hounds
  2 humans (shapeshifter)
  A komodo dragon skeleton (Crypt:1)
  7 sky beasts
  A yaktaur skeleton (D:18)
  8 gargoyles (D:15)
  A rock troll simulacrum (Vault:2)
  12 deep elf priests
  12 swamp worms
  A blink frog simulacrum (Tomb:1)
  47 insubstantial wisps
  82 orc warriors
  6 red devils
  A redback simulacrum (Tomb:1)
  24 ice beasts
  3 slaves (D:5)
  2 phantoms
  A black bear (Lair:1)
  2 cyclops skeletons
  2 wyvern skeletons (Crypt:5)
  A queen bee zombie (Tomb:3)
  A centaur (shapeshifter) (Vault:8)
  A grizzly bear zombie (Crypt:3)
  A polar bear zombie (Crypt:3)
  2 rock worm zombies
  9 giant goldfish
  An ogre (shapeshifter) (D:27)
  23 centaurs
  2 yak skeletons
  16 swamp drakes
  A war dog zombie (Crypt:2)
  2 deep dwarves (Abyss)
  2 hippogriff skeletons
  54 ogres
  2 yellow wasps
  A troll skeleton (Vault:5)
  2 boring beetles
  A wolf (Lair:2)
  8 giant slugs
  9 brain worms
  10 rotting devils
  Sigmund (D:2)
  Duvessa (D:5)
  A fire crab simulacrum (Tomb:2)
  11 wargs
  2 tarantella zombies
  27 giant frogs
  A giant frog zombie (Vault:3)
  12 crocodiles
  A giant slug (shapeshifter) (Vault:8)
  3 two-headed ogre zombies
  A boring beetle zombie (Vault:8)
  An earth elemental (Abyss)
  15 nagas (Abyss)
  25 deep elf magi
  A giant frog skeleton (Crypt:4)
  3 yellow wasp zombies
  2 big kobolds
  A boring beetle (shapeshifter) (D:16)
  2 wolf skeletons
  6 agate snails
  A basilisk zombie (Tomb:2)
  A centaur zombie (Crypt:3)
  Blork the orc (D:4)
  A black bear zombie (Crypt:3)
  A water moccasin zombie (Crypt:1)
  A manticore simulacrum (Abyss)
  A two-headed ogre skeleton (Crypt:5)
  A soldier ant zombie (Crypt:1)
  12 water moccasins
  A basilisk skeleton (D:24)
  A giant leech (Swamp:4)
  2 water moccasin skeletons
  41 wights
  2 warg skeletons
  A draconian skeleton (Crypt:4)
  3 giant leech zombies
  5 jellyfish
  8 eyes of draining
  An eye of draining (shapeshifter) (Vault:8)
  4 boulder beetles
  13 fire bats (Abyss)
  A pulsating lump (Slime:6)
  2 vampire bats (D:14)
  2 killer bee zombies
  175 killer bees
  2 deep dwarf zombies
  A mottled dragon zombie (Crypt:5)
  12 electric eels
  3 goliath beetles
  8 spiders (Port)
  A black bear simulacrum (Tomb:1)
  A spider zombie (Crypt:4)
  Dowan (D:5)
  2 big kobold zombies (Vault:1)
  2 deep dwarf skeletons
  12 hounds
  14 big fish
  2 lava snakes (Swamp:5)
  26 imps
  A crocodile skeleton (Tomb:2)
  25 shadows
  A dwarf skeleton (Crypt:5)
  A hound zombie (D:8)
  2 mottled dragon skeletons
  40 orc priests
  9 iguanas
  40 orc wizards
  3 big kobold skeletons
  6 scorpions
  45 deep elf soldiers
  12 orange rats
  30 iron imps
  A naga skeleton (Crypt:4)
  A worker ant zombie (D:12)
  2 hound skeletons (D:8)
  17 jellies
  10 porcupines
  43 worker ants
  A demigod simulacrum (Tomb:3)
  17 sheep
  3 spectral orcs (D:14)
  A steam dragon zombie (Crypt:3)
  A steam dragon skeleton (Crypt:3)
  8 boggarts
  66 mummies
  3 goliath beetle zombies
  Terence (D:2)
  5 giant centipedes
  18 gnolls
  20 snakes
  46 flying skulls
  46 green rats
  44 lemures
  48 midges
  An iguana skeleton (Tomb:1)
  An iguana zombie (Tomb:2)
  A scorpion zombie (Tomb:3)
  A giant centipede zombie (D:15)
  9 shadow imps
  A snake skeleton (D:4)
  7 giant mites
  2 halfling skeletons
  35 white imps
  12 worms
  222 ufetubi
  8 giant eyeballs
  2 green rat zombies
  15 giant geckos
  A green rat skeleton (Crypt:5)
  234 orcs
  9 giant cockroaches
  26 goblins
  11 grey rats
  22 hobgoblins
  17 jackals
  32 kobolds
  10 oozes
  9 quokkas
  An ant larva zombie (Crypt:2)
  71 bats
  A giant cockroach zombie (Crypt:1)
  A giant gecko zombie (D:5)
  8 giant newts
  A goblin zombie (Orc:2)
  A hobgoblin skeleton (D:6)
  3 hobgoblin zombies
  10 illusory rakshasas
  A jackal skeleton (Tomb:1)
  26 killer bee larvae
  A killer bee larva zombie (Tomb:1)
  2 kobold skeletons
  2 kobold zombies
  An orc skeleton (D:17)
  5 orc zombies
  A quokka zombie (D:8)
  35 rats
  A rat zombie (D:6)
  4 small snakes
  A small snake skeleton (Crypt:2)
  2 butterflies
  13 fungi
  3 pillars of salt (Tomb:3)
  25 plants
  34 toadstools
5069 creatures vanquished.

Vanquished Creatures (collateral kills)
  A komodo dragon (D:12)
  A phantom (D:11)
  An ogre (D:11)
3 creatures vanquished.

Vanquished Creatures (others)
  A draconian knight (Zot:1)
  A fire giant (D:24)
  A draconian caller (Zot:3)
  A red draconian (Zot:5)
  A death cob (Zot:1)
  A hydra (Swamp:5)
  2 centaur warriors
  A deep elf knight (Elf:5)
  2 cyclopes
  2 trapdoor spider zombies
  83 slime creatures
  An orange demon (Abyss)
  A brown ooze (Lair:8)
  A blink frog (Lair:3)
  A two-headed ogre (D:23)
  2 trapdoor spider simulacra (Tomb:3)
  A deep elf conjurer (Elf:5)
  3 deep elf fighters
  2 fire drakes (Abyss)
  2 neqoxecs (Tomb:3)
  A vampire mosquito (Swamp:5)
  A soldier ant (Vault:2)
  3 deep elf priests (Elf:4)
  4 small abominations
  2 orc warriors
  3 swamp drakes
  2 wargs (Port)
  3 ogres
  4 rotting devils (Crypt:5)
  A water moccasin (Lair:8)
  2 iron imps (Tomb:3)
  2 imps (Tomb:3)
  An orange rat (Tomb:1)
  6 deep elf soldiers
  4 mummies
  A worker ant simulacrum (Tomb:2)
  A snake (Lair:4)
  6 green rats
  2 lemures (Tomb:3)
  A shadow imp (Tomb:3)
  A halfling skeleton (Tomb:2)
  2 white imps
  18 ufetubi
  An orc (Orc:2)
  2 bats
  A jackal (D:5)
  A giant newt (D:5)
  2 goblins
  7 killer bee larvae (Hive:2)
  A killer bee larva zombie (Tomb:1)
  5 rats
  A rat skeleton (Tomb:2)
  3 fungi (Lair:6)
  24 pillars of salt
  6 plants
  4 tentacles (Shoals:1)
  48 tentacle segments (Shoals:1)
  85 toadstools
372 creatures vanquished.

Grand Total: 5444 creatures vanquished

Notes
Turn   | Place    | Note
--------------------------------------------------------------
     0 | D:1      | Dustman, the Hill Orc Fighter, began the quest for the Orb.
     0 | D:1      | Reached XP level 1. HP: 19/19 MP: 0/0
    25 | D:1      | Reached XP level 2. HP: 27/27 MP: 1/1
   644 | D:1      | Reached XP level 3. HP: 33/33 MP: 2/2
   906 | D:2      | Found an iron altar of Okawaru.
   941 | D:2      | Became a worshipper of Warmaster Okawaru
  1104 | D:2      | Acquired Okawaru's first power
  1237 | D:2      | Noticed Terence
  1251 | D:2      | Defeated Terence
  1251 | D:2      | Reached XP level 4. HP: 40/40 MP: 0/2
  1425 | D:2      | Noticed Sigmund
  1432 | D:2      | Defeated Sigmund
  1432 | D:2      | Reached skill level 1 in Dodging
  1432 | D:2      | Reached XP level 5. HP: 46/46 MP: 0/3
  1731 | D:3      | Reached skill level 5 in Polearms
  1802 | D:3      | Found a radiant altar of Vehumet.
  1835 | D:3      | Found a shimmering altar of Xom.
  2165 | D:3      | Reached XP level 6. HP: 53/53 MP: 4/4
  2182 | D:3      | Found a burning altar of Makhleb.
  2779 | D:4      | Reached skill level 5 in Fighting
  3158 | D:4      | Noticed Blork the orc
  3169 | D:4      | Defeated Blork the orc
  3273 | D:4      | Reached XP level 7. HP: 13/60 MP: 2/4
  3512 | D:5      | Entered Level 5 of the Dungeon
  3570 | D:5      | Noticed Duvessa
  3572 | D:5      | Noticed Dowan
  3587 | D:5      | Defeated Dowan
  3587 | D:5      | Reached skill level 6 in Polearms
  3601 | D:5      | Defeated Duvessa
  3601 | D:5      | Reached skill level 1 in Invocations
  3820 | D:5      | Noticed Pikel
  3869 | D:5      | HP: 1/61 [Pikel/whip of electrocution (17)]
  3889 | D:5      | Defeated Pikel
  3889 | D:5      | Reached skill level 7 in Fighting
  3889 | D:5      | Reached skill level 1 in Stealth
  3889 | D:5      | Reached skill level 1 in Spellcasting
  3889 | D:5      | Reached XP level 8. HP: 22/70 MP: 7/7
  4129 | D:5      | Found a staircase to the Ecumenical Temple.
  4154 | Temple   | Entered the Ecumenical Temple
  4742 | D:5      | Found an ancient bone altar of Kikubaaqudgha.
  5125 | D:6      | Found Reujamm's Weapon Shoppe.
  5195 | D:6      | Found a glowing drain. 5226
                  | sewer
                  | Entered the sewers 5238
                  | sewer
                  | Acquired Okawaru's second power 5357
                  | sewer
                  | Reached skill level 8 in Fighting 5357
                  | sewer
                  | Reached XP level 9. HP: 73/78 MP: 8/8
  5870 | D:6      | Noticed Prince Ribbit
  5878 | D:6      | Defeated Prince Ribbit
  6013 | D:6      | Reached skill level 1 in Evocations
  6371 | D:7      | Found a glowing golden altar of the Shining One.
  6422 | D:7      | Found a gateway to a ziggurat.
  6591 | D:7      | Found a basalt altar of Yredelemnul.
  6813 | D:7      | Noticed aTarkinC's ghost (experienced DEAE)
  6844 | D:7      | Defeated aTarkinC's ghost
  6844 | D:7      | Reached skill level 9 in Fighting
  7255 | D:8      | Noticed Psyche
  7277 | D:8      | Reached skill level 1 in Traps & Doors
  7446 | D:8      | Defeated Psyche
  7446 | D:8      | Reached XP level 10. HP: 83/86 MP: 10/12
  7454 | D:8      | Reached skill level 10 in Fighting
  7624 | D:8      | Found a staircase to the Orcish Mines.
  7656 | D:8      | Found a snail-covered altar of Cheibriados.
  7666 | D:8      | Noticed Eustachio
  7965 | D:8      | Defeated Eustachio
  7965 | D:8      | Reached skill level 10 in Polearms
  8062 | D:8      | Found a deep blue altar of Sif Muna.
  8127 | D:8      | Found a shattered altar of Ashenzari.
  8255 | D:8      | Received a gift from Okawaru
  8255 | D:8      | Reached skill level 11 in Polearms
  8343 | D:8      | Noticed a centaur warrior
  8445 | D:8      | Found Tueps' Antique Weapon Shop.
  8460 | D:8      | Bought an ichor-stained glaive for 283 gold pieces
  8487 | D:8      | Identified the glaive of Courage {elec, Dex+3} (You bought it in a shop on level 8 of the Dungeon)
  8699 | D:8      | Reached skill level 1 in Unarmed Combat
  8703 | D:8      | Reached skill level 12 in Polearms
  8707 | D:8      | Defeated a centaur warrior
  8707 | D:8      | Reached XP level 11. HP: 66/94 MP: 14/14
  8902 | Orc:1    | Entered Level 1 of the Orcish Mines
  8902 | Orc:1    | Found a roughly hewn altar of Beogh.
  8945 | D:8      | Reached skill level 13 in Polearms
  9483 | Orc:1    | Found a dark tunnel.
  9497 | Volcano  | Entered a volcano
 10153 | D:9      | Received a gift from Okawaru
 10283 | D:9      | Found an ancient bone altar of Kikubaaqudgha.
 10324 | D:9      | Reached skill level 14 in Polearms
 10425 | D:9      | Found a staircase to the Lair.
 10543 | Lair:1   | Entered Level 1 of the Lair of Beasts
 10823 | Lair:1   | Reached skill level 5 in Armour
 11688 | Lair:2   | Reached skill level 5 in Unarmed Combat
 12221 | Lair:3   | Found a staircase to the Shoals.
 12242 | Lair:3   | Reached XP level 12. HP: 85/103 MP: 16/16
 12278 | Lair:3   | Reached skill level 10 in Armour
 12734 | Lair:3   | Received a gift from Okawaru
 12737 | Lair:3   | Got a slimy halberd {god gift}
 12738 | Lair:3   | Identified the halberd of Dishonour {god gift, elec, +Inv rElec MR Dex+1 SInv} (Okawaru gifted it to you on level 3 of the Lair of Beasts)
 12746 | Lair:3   | Reached skill level 1 in Stabbing
 12853 | Lair:3   | Identified a scroll of acquirement
 12883 | Lair:3   | Got a pair of silk gloves
 12889 | Lair:3   | Identified the +2 pair of Fencer's gloves (You acquired it on level 3 of the Lair of Beasts)
 13057 | Lair:3   | Found a crumbling entrance.
 13068 | Spider   | Entered a spider's nest
 13272 | Spider   | Got a faintly glowing golden ring
 13582 | Lair:3   | Identified the ring "Ebynaon" {+Lev Int+2} (You found it in a spider's nest)
 13656 | Lair:4   | Reached skill level 15 in Polearms
 14109 | Lair:4   | Found a staircase to the Swamp.
 14636 | Lair:5   | Found an iron altar of Okawaru.
 14995 | Lair:5   | Reached XP level 13. HP: 110/113 MP: 13/16
 15556 | Lair:6   | Reached skill level 16 in Polearms
 15578 | Lair:6   | Received a gift from Okawaru
 15668 | Lair:6   | Reached skill level 5 in Invocations
 16347 | Lair:6   | Reached skill level 17 in Polearms
 16441 | Lair:6   | Received a gift from Okawaru
 16960 | Lair:7   | Noticed Impy's ghost (powerful HaHu)
 17208 | Lair:7   | Reached skill level 5 in Shields
 17348 | Lair:7   | Defeated Impy's ghost
 17858 | Lair:8   | Entered Level 8 of the Lair of Beasts
 18157 | Lair:8   | Reached skill level 18 in Polearms
 18167 | Lair:8   | Received a gift from Okawaru
 18171 | Lair:8   | Got an encrusted sling {god gift}
 18172 | Lair:8   | Identified the sling of the Globe {god gift, frost, rPois rN+} (Okawaru gifted it to you on level 8 of the Lair of Beasts)
 18544 | Lair:8   | Reached XP level 14. HP: 122/122 MP: 20/20
 19324 | Lair:8   | Found a staircase to the Slime Pits.
 20133 | Lair:8   | Received a gift from Okawaru
 21574 | D:10     | Entered Level 10 of the Dungeon
 21609 | D:10     | Found a flagged portal. 21644
                  | bailey
                  | Entered the bailey
 22917 | D:10     | Reached skill level 15 in Fighting
 23335 | D:11     | Found Chascha's Antique Weapon Shoppe.
 23394 | D:11     | Found Sahaegiu's Distillery.
 23394 | D:11     | Found Aluphake's Weapon Shoppe.
 23401 | D:11     | Bought a potion of speed for 66 gold pieces
 23401 | D:11     | Bought a potion of mutation for 36 gold pieces
 23610 | D:11     | Found Psaifrom's Distillery.
 23716 | D:11     | Found Makuph's Assorted Antiques.
 23733 | D:11     | Bought a scroll labeled JIUBIK CRYSUNI for 21 gold pieces
 23733 | D:11     | Bought a scroll labeled BLU RAT UFAMM for 21 gold pieces
 23821 | D:11     | Noticed Harold
 23831 | D:11     | Defeated Harold
 23851 | D:11     | Received a gift from Okawaru
 23854 | D:11     | Got a smoking shield {god gift}
 23863 | D:11     | Identified the +3 shield of the Eight Mice {god gift} (Okawaru gifted it to you on level 11 of the Dungeon)
 25664 | D:14     | Reached XP level 15. HP: 95/137 MP: 21/21
 25739 | D:14     | Noticed Nergalle
 25743 | D:14     | Reached XP level 14. HP: 103/129 MP: 20/20
 25754 | D:14     | Defeated Nergalle
 25805 | D:14     | Reached XP level 15. HP: 81/137 MP: 21/21
 25936 | D:14     | Noticed Maud
 25950 | D:14     | Defeated Maud
 26491 | D:14     | Noticed a trident
 26503 | D:14     | Defeated a trident
 26504 | D:14     | Found a staircase to the Vaults.
 26505 | D:14     | Noticed a runed short sword
 26509 | D:14     | Defeated a runed short sword
 26637 | D:14     | Received a gift from Okawaru
 26648 | D:14     | Identified a +1 pair of boots of running {god gift} (Okawaru gifted it to you on level 14 of the Dungeon)
 26892 | Vault:1  | Entered Level 1 of the Vaults
 27595 | Vault:1  | Noticed Azrael
 27595 | Vault:1  | Noticed a fire elemental
 27597 | Vault:1  | Noticed a fire elemental
 27679 | Vault:1  | Defeated a fire elemental
 27688 | Vault:1  | Noticed a fire elemental
 27703 | Vault:1  | Defeated a fire elemental
 27705 | Vault:1  | Defeated a fire elemental
 27714 | Vault:1  | Defeated Azrael
 27714 | Vault:1  | Reached skill level 15 in Armour
 27751 | Vault:1  | Received a gift from Okawaru
 28390 | Vault:2  | Noticed Roxanne
 28671 | Vault:2  | Noticed Snorg
 28689 | Vault:2  | Found a labyrinth entrance.
 28733 | Lab      | Entered a Labyrinth
 29145 | Lab      | Reached XP level 16. HP: 126/150 MP: 19/22
 29149 | Lab      | Got a crude plate mail
 29239 | Lab      | Identified the +8 plate mail of Buemo (You found it in a Labyrinth)
 29387 | Vault:2  | Defeated Snorg
 29592 | Vault:2  | Received a gift from Okawaru
 29844 | Vault:2  | Defeated Roxanne
 29880 | Vault:2  | Reached skill level 19 in Fighting
 30099 | Vault:3  | Noticed Frances
 30132 | Vault:3  | Defeated Frances
 30384 | Vault:3  | Noticed Agnes
 30394 | Vault:3  | Defeated Agnes
 30430 | Vault:3  | Noticed Norris
 30433 | Vault:3  | Paralysed by Norris for 3 turns
 30460 | Vault:3  | Defeated Norris
 30460 | Vault:3  | Reached skill level 20 in Fighting
 30701 | Vault:3  | Found a staircase to the Crypt.
 30701 | Vault:3  | Found a basalt altar of Yredelemnul.
 30702 | Vault:3  | Found an ancient bone altar of Kikubaaqudgha.
 30966 | Vault:3  | Noticed a guardian serpent
 30971 | Vault:3  | Defeated a guardian serpent
 31112 | Vault:4  | Received a gift from Okawaru
 31135 | Vault:4  | Found a frozen archway.
 31151 | IceCv    | Entered an ice cave
 31538 | Vault:4  | Noticed Vidiiot's ghost (mighty MDFi)
 31573 | Vault:3  | Reached XP level 17. HP: 146/162 MP: 23/23
 32431 | Vault:5  | Found Ixkaas' General Store.
 32483 | Vault:5  | Reached skill level 21 in Fighting
 32647 | Vault:5  | Noticed Wiglaf
 32978 | Vault:4  | Defeated Vidiiot's ghost
 33133 | Vault:4  | Received a gift from Okawaru
 34027 | Vault:5  | Defeated Wiglaf
 34710 | Vault:6  | Found a staircase to the Hall of Blades.
 34799 | Vault:6  | Reached XP level 18. HP: 112/174 MP: 24/24
 35079 | Vault:6  | Received a gift from Okawaru
 35117 | Vault:6  | Noticed Mara
 35138 | Vault:6  | Defeated Mara
 35138 | Vault:6  | Reached skill level 22 in Fighting
 35289 | Vault:6  | Identified a +0 rod of summoning (11/11) (You found it on level 6 of the Vaults)
 35470 | Vault:6  | Noticed a deep elf demonologist
 35470 | Vault:6  | Noticed a deep elf conjurer
 35471 | Vault:6  | Noticed a deep elf priest
 35478 | Vault:6  | Defeated a deep elf demonologist
 35483 | Vault:6  | Defeated a deep elf conjurer
 35498 | Vault:6  | Defeated a deep elf priest
 35855 | Blade    | Entered the Hall of Blades
 35998 | Blade    | Noticed Mennas
 36042 | Blade    | Defeated Mennas
 36411 | Blade    | Noticed Donald
 36427 | Blade    | Defeated Donald
 36430 | Blade    | Noticed Margery
 37130 | Blade    | Defeated Margery
 37130 | Blade    | Reached XP level 19. HP: 83/185 MP: 21/27
 37951 | Vault:7  | Paralysed by a sphinx for 6 turns
 38325 | Vault:7  | Noticed Frederick
 38342 | Vault:7  | Defeated Frederick
 38461 | Vault:7  | Found Strem's Antique Armour Boutique.
 38476 | Vault:7  | Bought a jewelled bronze crown for 292 gold pieces
 38483 | Vault:7  | Identified the +3 crown of Dyrovepreva (You bought it in a shop on level 7 of the Vaults)
 38863 | Vault:7  | Found a portal to a secret trove of treasure.
 39529 | Orc:2    | Noticed Erica
 39552 | Orc:2    | Defeated Erica
 39555 | Orc:2    | Received a gift from Okawaru
 40293 | Orc:3    | Found a roughly hewn altar of Beogh.
 40315 | Orc:3    | Found Gher's Magical Wand Shoppe.
 40337 | Orc:2    | Found Gayps' Weapon Emporium.
 40337 | Orc:2    | Noticed Josephine
 40350 | Orc:2    | Defeated Josephine
 40573 | Orc:3    | Received a gift from Okawaru
 40777 | Orc:4    | Entered Level 4 of the Orcish Mines
 40894 | Orc:4    | Noticed a cyclops
 40905 | Orc:4    | Defeated a cyclops
 41270 | Orc:4    | Received a gift from Okawaru
 41367 | Orc:4    | Found a staircase to the Elven Halls.
 41638 | Orc:4    | Noticed an orc high priest
 41642 | Orc:4    | Found Fub Grocet's Magical Wand Shop.
 41807 | Orc:4    | Noticed an orc high priest
 41813 | Orc:4    | Defeated an orc high priest
 41825 | Orc:4    | Noticed an orc high priest
 41834 | Orc:4    | Defeated an orc high priest
 41834 | Orc:4    | Reached skill level 5 in Stealth
 42153 | Orc:4    | Found Qaisair's Antique Weapon Boutique.
 42173 | Orc:4    | Found Lelimn's Food Shop.
 42187 | Orc:4    | Found Thremnes' Magic Scroll Boutique.
 42255 | Orc:4    | Bought a wand of hasting (4) for 672 gold pieces
 42440 | Elf:1    | Entered Level 1 of the Elven Halls
 42751 | Elf:1    | Found Ghihi's General Store.
 42760 | Elf:1    | Bought a scroll of enchant weapon I for 66 gold pieces
 42973 | Elf:1    | Received a gift from Okawaru
 42989 | Elf:1    | Found a burning altar of Makhleb.
 43511 | Elf:2    | Found Qaostuj's Assorted Antiques.
 43578 | Elf:2    | Received a gift from Okawaru
 43851 | Elf:2    | Got a dazzling plate mail
 44424 | Elf:2    | Identified the +1 plate mail of the New World (You found it on level 2 of the Elven Halls)
 44461 | Elf:2    | Got an ichor-stained triple sword
 44462 | Elf:2    | Identified the triple sword of the Labyrinth {slice, Dex+2} (You acquired it on level 2 of the Elven Halls)
 45248 | Elf:4    | Found Douhid's Assorted Antiques.
 45351 | Elf:4    | Received a gift from Okawaru
 45378 | Elf:4    | Identified a +1 cloak of preservation {god gift} (Okawaru gifted it to you on level 4 of the Elven Halls)
 45765 | Elf:5    | Entered Level 5 of the Elven Halls
 46920 | Elf:5    | Reached skill level 5 in Dodging
 47167 | Elf:5    | Got a slimy robe
 47535 | Elf:5    | Identified the +5 robe "Kinacim" (You took it off a deep elf demonologist on level 5 of the Elven Halls)
 47626 | Elf:5    | Noticed a deep elf blademaster
 47648 | Elf:5    | Defeated a deep elf blademaster
 47655 | Elf:5    | Noticed a deep elf master archer
 47675 | Elf:5    | Defeated a deep elf master archer
 47679 | Elf:5    | Got a torn book
 47768 | Elf:5    | Reached XP level 20. HP: 170/195 MP: 27/27
 48233 | Elf:5    | Noticed a deep elf blademaster
 48238 | Elf:5    | Noticed a deep elf master archer
 48251 | Elf:5    | Defeated a deep elf blademaster
 48266 | Elf:5    | Defeated a deep elf master archer
 48283 | Elf:5    | Got a colourful book
 48294 | Elf:5    | Got a warped jade amulet
 48308 | Elf:5    | Got a smoking crystal amulet
 48312 | Elf:5    | Got a levitating book
 48571 | Orc:4    | Identified Nergalle's Guide on Black Rites (You found it on level 5 of the Elven Halls)
 48571 | Orc:4    | Identified Cigotuvi's Compendium of Shifting Unholy Rituals (You found it on level 5 of the Elven Halls)
 48580 | Orc:4    | Identified Kousch's Incunabulum of Talismans and Flames (You found it on level 5 of the Elven Halls)
 48585 | Orc:4    | Identified the amulet "Dazywn" (You found it on level 5 of the Elven Halls)
 48586 | Orc:4    | Identified the amulet "Bitwysel" (You found it on level 5 of the Elven Halls)
 48689 | Orc:4    | Defeated an orc high priest
 49259 | D:15     | Entered Level 15 of the Dungeon
 49259 | D:15     | Noticed a gargoyle
 49259 | D:15     | Noticed a gargoyle
 49259 | D:15     | Noticed a gargoyle
 49259 | D:15     | Noticed a gargoyle
 49259 | D:15     | Noticed a gargoyle
 49259 | D:15     | Noticed a gargoyle
 49259 | D:15     | Noticed a gargoyle
 49259 | D:15     | Noticed a gargoyle
 49399 | D:15     | Defeated a gargoyle
 49402 | D:15     | Defeated a gargoyle
 49406 | D:15     | Defeated a gargoyle
 49409 | D:15     | Defeated a gargoyle
 49413 | D:15     | Defeated a gargoyle
 49417 | D:15     | Defeated a gargoyle
 49430 | D:15     | Defeated a gargoyle
 49436 | D:15     | Defeated a gargoyle
 49646 | D:15     | Found Cueciat's Distillery.
 49794 | D:15     | Found a staircase to the Hive.
 49880 | D:15     | Received a gift from Okawaru
 49973 | D:15     | Found a shimmering altar of Xom.
 49974 | D:15     | Noticed a guardian serpent
 49984 | D:15     | A guardian serpent changed into a draconian
 49991 | D:15     | Found a shimmering altar of Xom.
 49991 | D:15     | Found a shimmering altar of Xom.
 49991 | D:15     | Found a shimmering altar of Xom.
 49991 | D:15     | Found a shimmering altar of Xom.
 49991 | D:15     | Found a shimmering altar of Xom.
 49991 | D:15     | Found a shimmering altar of Xom.
 49991 | D:15     | Found a shimmering altar of Xom.
 51422 | Hive:1   | Entered Level 1 of the Hive
 51682 | Hive:2   | Entered Level 2 of the Hive
 52006 | Hive:2   | Received a gift from Okawaru
 52992 | Hive:2   | Received a gift from Okawaru
 52997 | Hive:2   | Got a faintly glowing cloak {god gift}
 53365 | Hive:2   | Reached skill level 23 in Polearms
 53408 | Hive:2   | Identified the -4 cloak of Dishonesty {god gift} (Okawaru gifted it to you on level 2 of the Hive)
 53563 | Hive:2   | Identified a cursed +2 rod of destruction [ice] (10/10) (You found it on level 2 of the Hive)
 53766 | D:16     | Found Mupa's Armour Boutique.
 55214 | D:17     | Got a round shield
 55469 | D:17     | Identified the +15 shield "Bullseye" (You found it on level 17 of the Dungeon)
 55575 | D:18     | Noticed Louise
 55601 | D:18     | Defeated Louise
 55601 | D:18     | Reached XP level 21. HP: 153/203 MP: 28/28
 55732 | D:18     | HP: 6/203 [enormous slime creature[a boggart] (55)]
 56635 | D:18     | Found a blossoming altar of Fedhas.
 56703 | D:18     | Received a gift from Okawaru
 56882 | D:18     | Noticed Saint Roka
 56905 | D:18     | Defeated Saint Roka
 57209 | D:19     | Found Mofege's Jewellery Shop.
 57744 | D:20     | Entered Level 20 of the Dungeon
 58544 | D:21     | Received a gift from Okawaru
 58615 | D:21     | Paralysed by a red wasp for 2 turns
 58700 | D:21     | Found a gateway to Hell.
 59666 | Swamp:1  | Entered Level 1 of the Swamp
 60817 | Swamp:2  | Received a gift from Okawaru
 61282 | Swamp:3  | Reached XP level 22. HP: 186/213 MP: 28/28
 61315 | Swamp:3  | Noticed Nessos
 61323 | Swamp:3  | Defeated Nessos
 61418 | Swamp:3  | Noticed Rupert
 61431 | Swamp:3  | Defeated Rupert
 61640 | Swamp:3  | Noticed Aizul
 61652 | Swamp:3  | Defeated Aizul
 61791 | Swamp:3  | Noticed Jozef
 61805 | Swamp:3  | Defeated Jozef
 62482 | Swamp:5  | Entered Level 5 of the Swamp
 62631 | Swamp:5  | Got a decaying rune of Zot
 62666 | Swamp:5  | Reached skill level 24 in Polearms
 63995 | Shoals:1 | Entered Level 1 of the Shoals
 64150 | Shoals:1 | Found Egontoal's Magic Scroll Shop.
 64156 | Shoals:1 | Bought a scroll of enchant armour for 77 gold pieces
 64156 | Shoals:1 | Bought a scroll of acquirement for 728 gold pieces
 64156 | Shoals:1 | Bought a scroll of enchant weapon I for 77 gold pieces
 64908 | Shoals:2 | Noticed Polyphemus
 64916 | Shoals:2 | Noticed Nikola
 64956 | Shoals:2 | Defeated Polyphemus
 64969 | Shoals:2 | Defeated Nikola
 64973 | Shoals:2 | Received a gift from Okawaru
 64979 | Shoals:2 | Got a smoking ring mail {god gift}
 65619 | Lair:3   | Identified the +3 ring mail of Bitterness {god gift} (Okawaru gifted it to you on level 2 of the Shoals)
 66505 | Shoals:4 | Noticed Sonja
 66515 | Shoals:4 | Defeated Sonja
 67004 | Shoals:5 | Entered Level 5 of the Shoals
 67142 | Shoals:5 | Found Oceneewe's Weapon Shop.
 67228 | Shoals:5 | Reached skill level 5 in Evocations
 67355 | Shoals:5 | Noticed Ilsuiw
 67379 | Shoals:5 | Defeated Ilsuiw
 67379 | Shoals:5 | Reached XP level 23. HP: 202/222 MP: 23/29
 67967 | Shoals:5 | Reached skill level 5 in Stabbing
 68238 | Shoals:5 | Got a barnacled rune of Zot
 68705 | Lair:4   | Received a gift from Okawaru
 68708 | Lair:4   | Got a bloodstained trident {god gift}
 68711 | Lair:4   | Identified the trident "Ugofebid" {god gift, elec, rElec Str+2} (Okawaru gifted it to you on level 4 of the Lair of Beasts)
 69216 | Slime:1  | Entered Level 1 of the Pits of Slime
 69365 | Slime:2  | Paralysed by a giant eyeball for 4 turns
 69510 | Slime:3  | Reached skill level 5 in Traps & Doors
 69944 | Slime:3  | Paralysed by a giant eyeball for 2 turns
 69955 | Slime:3  | Paralysed by a giant eyeball for 3 turns
 70062 | Slime:4  | Reached skill level 10 in Invocations
 70300 | Slime:6  | Entered Level 6 of the Pits of Slime
 70420 | Slime:6  | Received a gift from Okawaru
 71054 | Slime:6  | Reached XP level 24. HP: 209/232 MP: 32/32
 71372 | Slime:6  | Reached skill level 10 in Unarmed Combat
 71408 | Slime:6  | Paralysed by a giant eyeball for 2 turns
 71610 | Slime:6  | Noticed the royal jelly
 71613 | Slime:6  | Found a viscous altar of Jiyva.
 71635 | Slime:6  | Gained mutation: Your vision is a little blurry.
 71640 | Slime:6  | Gained mutation: Your vision is quite blurry.
 71650 | Slime:6  | Defeated the royal jelly
 72650 | Slime:6  | Got a faintly glowing brass ring
 72660 | Slime:6  | Got a slimy rune of Zot
 72853 | Slime:6  | Got a pair of soft boots
 73058 | Slime:6  | Identified the ring of Muafioro (You found it on level 6 of the Pits of Slime)
 73117 | Slime:6  | Identified the +2 pair of boots of the Assassin (You found it on level 6 of the Pits of Slime)
 73160 | Slime:4  | Paralysed by a giant eyeball for 2 turns
 73675 | Lair:1   | Lost mutation: Your vision is quite blurry.
 73675 | Lair:1   | Lost mutation: Your vision is a little blurry. 74265
                  | trove
                  | Entered a treasure trove 74379
                  | trove
                  | Got a dazzling banded mail 74437
                  | trove
                  | Identified the +7 banded mail of Creativity (You found it in a treasure trove)
 76115 | D:23     | Got a pitted brass ring
 76216 | D:23     | Got an engraved book
 76217 | D:23     | Identified the Volume of Floating Battle Magic (You found it on level 23 of the Dungeon)
 76219 | D:23     | Identified the ring of Pride (You found it on level 23 of the Dungeon)
 76633 | D:24     | Paralysed by a yellow wasp for 2 turns
 76708 | D:24     | Reached XP level 25. HP: 187/243 MP: 32/32
 76717 | D:24     | Received a gift from Okawaru
 76735 | D:24     | Got an ichor-stained helmet {god gift}
 76743 | D:24     | Identified the +2 helmet of Okawaru {god gift} (Okawaru gifted it to you on level 24 of the Dungeon)
 76745 | D:24     | Found a one-way gate to the infinite horrors of the Abyss.
 77416 | D:24     | Noticed Danakh's ghost (mighty HECj)
 77436 | D:24     | Defeated Danakh's ghost
 77476 | D:24     | Found a one-way gate leading to the halls of Pandemonium.
 77930 | D:25     | Entered Level 25 of the Dungeon
 78722 | D:25     | Noticed a deep elf mage
 78732 | D:25     | Defeated a deep elf mage
 78918 | D:25     | Found Hetiadit's Antique Weapon Shoppe.
 78936 | D:25     | Gained mutation: You are resistant to electric shocks.
 80375 | D:26     | Reached XP level 26. HP: 240/257 MP: 33/33
 80421 | D:26     | Received a gift from Okawaru
 81005 | D:27     | Entered Level 27 of the Dungeon
 81196 | D:27     | Noticed a guardian serpent
 81199 | D:27     | A guardian serpent changed into a yaktaur
 81271 | D:27     | Noticed a deep elf conjurer
 81272 | D:27     | Defeated a deep elf conjurer
 81273 | D:27     | Noticed a quicksilver dragon
 81284 | D:27     | Noticed a shining eye
 81297 | D:27     | Defeated a quicksilver dragon
 81300 | D:27     | A shining eye changed into a manticore
 81320 | D:27     | A manticore changed into a guardian serpent
 81324 | D:27     | A guardian serpent changed into a bumblebee
 81788 | D:27     | Got a twisted dragon armour
 81790 | D:27     | Got a conspicuous book
 81792 | D:27     | Got a shimmering copper ring
 81797 | D:27     | Identified the Compendium of Enchantment and Snow (You found it on level 27 of the Dungeon)
 81821 | D:27     | Identified the +0 dragon armour of the Exiled Mice (You found it on level 27 of the Dungeon)
 81847 | D:27     | Identified the ring "Pnocsa" {Str-4} (You found it on level 27 of the Dungeon)
 82398 | D:27     | Gained mutation: Your vision is a little blurry.
 83877 | Vault:8  | Entered Level 8 of the Vaults
 84024 | Vault:8  | Reached skill level 10 in Dodging
 84593 | Vault:8  | Noticed a quicksilver dragon
 84979 | Vault:8  | Reached XP level 27. HP: 199/266 MP: 37/37
 85443 | Vault:8  | Defeated a quicksilver dragon
 85487 | Vault:8  | Reached skill level 15 in Invocations
 85519 | Vault:8  | Got a silver rune of Zot
 85954 | Vault:8  | Received a gift from Okawaru
 85974 | Vault:8  | A death drake changed into a shining eye
 85979 | Vault:8  | Defeated a shining eye
 86078 | Vault:8  | A sea snake changed into a shining eye
 86084 | Vault:8  | A shining eye changed into a merfolk
 86424 | Vault:8  | Got a brightly glowing glaive
 86425 | Vault:8  | Identified the glaive of Maophico {freeze, rN+ Dex-1} (You acquired it on level 8 of the Vaults)
 87127 | Vault:8  | Noticed a bone dragon
 87151 | Vault:8  | Defeated a bone dragon
 87437 | Crypt:1  | Entered Level 1 of the Crypt
 87568 | Crypt:1  | Received a gift from Okawaru
 88978 | Crypt:2  | Received a gift from Okawaru
 89197 | Crypt:2  | Reached skill level 25 in Fighting
 90189 | Crypt:3  | Noticed a reaper
 90194 | Crypt:3  | Defeated a reaper
 90215 | Crypt:3  | Found a staircase to the Tomb.
 90296 | Crypt:4  | Noticed Khufu
 90919 | Crypt:5  | Entered Level 5 of the Crypt
 91352 | Crypt:5  | Reached skill level 15 in Unarmed Combat
 92139 | Crypt:5  | Gained mutation: You are clumsy (Dex -1).
 92143 | Crypt:5  | Gained mutation: You occasionally shout uncontrollably.
 92624 | Crypt:5  | Noticed a lich
 92632 | Crypt:5  | Defeated a lich
 92687 | Crypt:5  | Found an ancient bone altar of Kikubaaqudgha.
 92772 | Crypt:5  | Noticed a reaper
 92772 | Crypt:5  | Noticed a reaper
 92777 | Crypt:5  | Defeated a reaper
 92782 | Crypt:5  | Defeated a reaper
 92858 | Crypt:5  | Noticed a reaper
 92882 | Crypt:5  | Defeated a reaper
 92912 | Crypt:5  | Noticed an ancient lich
 92941 | Crypt:5  | Defeated an ancient lich
 92961 | Crypt:5  | Got a fine lead amulet
 92991 | Crypt:5  | Noticed a reaper
 93012 | Crypt:5  | Defeated a reaper
 93093 | Crypt:5  | Reached skill level 26 in Fighting
 93207 | Crypt:5  | Identified the amulet of Prescription {Str+3} (You found it on level 5 of the Crypt)
 93376 | Crypt:5  | Received a gift from Okawaru
 93907 | Crypt:4  | Defeated Khufu
 94802 | D:24     | Paralysed by a lich for 3 turns
 95590 | Abyss    | Entered The Abyss
 95681 | Abyss    | Noticed a vampire
 95693 | Abyss    | Defeated a vampire
 95820 | Abyss    | Noticed a mottled draconian shifter
 95841 | Abyss    | Defeated a mottled draconian shifter
 95863 | Abyss    | Got a bloodstained banded mail
 95926 | Abyss    | Noticed a vampire
 95935 | Abyss    | Defeated a vampire
 96076 | Abyss    | Got a warped plate mail
 96123 | Abyss    | Gained mutation: Your vision is quite blurry.
 96272 | Abyss    | Noticed a clay golem
 96284 | Abyss    | Defeated a clay golem
 96407 | Abyss    | Gained mutation: Your magical capacity is low (-10% MP).
 96440 | Abyss    | Noticed a naga mage
 96446 | Abyss    | Defeated a naga mage
 96458 | Abyss    | Noticed a stone golem
 96469 | Abyss    | Defeated a stone golem
 96556 | Abyss    | Gained mutation: You are dopey (Int -1).
 96655 | Abyss    | Noticed a manticore simulacrum
 96666 | Abyss    | Defeated a manticore simulacrum
 96737 | Abyss    | Noticed a cyan ugly thing
 96745 | Abyss    | Defeated a white ugly thing
 96765 | Abyss    | Noticed a cyan ugly thing
 96772 | Abyss    | Noticed a cyan ugly thing
 96775 | Abyss    | Defeated a cyan ugly thing
 96775 | Abyss    | Reached skill level 27 in Fighting
 96780 | Abyss    | Defeated a cyan ugly thing
 96945 | Abyss    | Got an ancient glaive
 96972 | Abyss    | Identified the cursed glaive "Xomy" {venom, Hunger +Lev rC+} (You found it in the Abyss)
 97002 | Abyss    | Noticed a silent spectre
 97016 | Abyss    | Defeated a silent spectre
 97154 | Abyss    | Noticed a hellephant
 97176 | Abyss    | Defeated a hellephant
 97195 | Abyss    | Noticed a phantasmal warrior
 97204 | Abyss    | Defeated a phantasmal warrior
 97239 | Abyss    | Noticed a death drake
 97251 | Abyss    | Defeated a death drake
 97314 | Abyss    | Noticed a phantasmal warrior
 97325 | Abyss    | Defeated a phantasmal warrior
 97339 | Abyss    | Got an abyssal rune of Zot
 97454 | Abyss    | Noticed a grey draconian
 97469 | Abyss    | Defeated a grey draconian
 97479 | Abyss    | Noticed a naga mage
 97490 | Abyss    | Defeated a naga mage
 97826 | Abyss    | Noticed a spiny worm
 97854 | Abyss    | Defeated a spiny worm
 97898 | Abyss    | Noticed a pale draconian caller
 97904 | Abyss    | Noticed a death drake
 97910 | Abyss    | Defeated a pale draconian caller
 97946 | Abyss    | Noticed a green ugly thing
 97946 | Abyss    | Noticed a green ugly thing
 97952 | Abyss    | Noticed a green ugly thing
 97954 | Abyss    | Noticed a green ugly thing
 97954 | Abyss    | Defeated a green ugly thing
 97961 | Abyss    | Defeated a green ugly thing
 97962 | Abyss    | Defeated a green ugly thing
 97962 | Abyss    | Received a gift from Okawaru
 98065 | Abyss    | Noticed a crystal golem
 98075 | Abyss    | Defeated a crystal golem
 98097 | Abyss    | Noticed a phantasmal warrior
 98106 | Abyss    | Defeated a phantasmal warrior
 98199 | Abyss    | Noticed a purple draconian
 98206 | Abyss    | Defeated a purple draconian
 98236 | Abyss    | Got a pair of polished gloves
 98256 | Abyss    | Noticed a red draconian scorcher
 98529 | Abyss    | Noticed a kenku
 98538 | Abyss    | Defeated a kenku
 98589 | D:24     | You pass through the gate.
 99214 | Temple   | Fell from the grace of Okawaru
 99214 | Temple   | Was placed under penance by Okawaru
 99214 | Temple   | Became a worshipper of Zin the Law-Giver
 99215 | Temple   | Donated 4078 gold pieces to Zin
 99279 | D:7      | Acquired Zin's first power
 99377 | D:9      | Acquired Zin's second power
 99430 | Lair:1   | Identified the +1 banded mail "Jecutaru" (You found it in the Abyss)
 99452 | Lair:1   | Identified the +2 plate mail "Alenu" (You found it in the Abyss)
 99481 | Lair:1   | Identified the +0 pair of gloves "Heumueko" (You found it in the Abyss)
 99496 | Lair:1   | Acquired Zin's third power
 99779 | D:15     | Acquired Zin's fourth power
100350 | Abyss    | Noticed an ancient lich
100358 | Abyss    | Got a jewelled glaive
100361 | Abyss    | Noticed a red ugly thing
100362 | Abyss    | Noticed a red ugly thing
100362 | Abyss    | Noticed a red ugly thing
100371 | Abyss    | Defeated a red ugly thing
100389 | Abyss    | Defeated an ancient lich
100404 | Abyss    | Defeated a red ugly thing
100423 | Abyss    | Identified the +3,+1 glaive of Anxiety (You found it in the Abyss)
101401 | Abyss    | Noticed a vapour
101419 | Abyss    | Defeated a vapour
101489 | D:24     | You pass through the gate.
101653 | Zot:1    | Entered Level 1 of the Realm of Zot
102438 | Zot:1    | Noticed an orb of fire
102458 | Zot:1    | Defeated an orb of fire
104881 | Zot:2    | Got an ichor-stained ring mail
105586 | Zot:2    | Identified the cursed +1 ring mail of Nitosot (You found it on level 2 of the Realm of Zot)
107267 | Zot:3    | Reached skill level 27 in Polearms
107982 | Zot:5    | Entered Level 5 of the Realm of Zot
109227 | Abyss    | Got an ancient great sword
109688 | Abyss    | Noticed a dire elephant simulacrum
109695 | Abyss    | Defeated a dire elephant simulacrum
109745 | Abyss    | Noticed a deep dwarf necromancer
109752 | Abyss    | Defeated a deep dwarf necromancer
110322 | Abyss    | Noticed a naga warrior
110334 | Abyss    | Defeated a naga warrior
110543 | Abyss    | Noticed a deep dwarf
110544 | Abyss    | Noticed a deep dwarf death knight
110545 | Abyss    | Noticed a deep dwarf necromancer
110546 | Abyss    | Defeated a deep dwarf
110547 | Abyss    | Noticed a deep dwarf necromancer
110552 | Abyss    | Noticed a deep dwarf
110555 | Abyss    | Defeated a deep dwarf necromancer
110559 | Abyss    | Defeated a deep dwarf
110563 | Abyss    | Defeated a deep dwarf necromancer
110651 | Abyss    | Noticed a green draconian monk
110663 | Abyss    | Defeated a green draconian monk
110813 | Abyss    | Noticed a green draconian
110826 | Abyss    | Noticed a frost giant simulacrum
110830 | Abyss    | Defeated a frost giant simulacrum
110918 | D:25     | You pass through the gate.
110993 | Zot:1    | Identified the +5,+4 great sword of Fee Simple (You found it in the Abyss)
111807 | D:6      | Bought a +2,+1 bardiche of flaming for 697 gold pieces
112803 | Abyss    | Noticed a fire elemental
112807 | Abyss    | Defeated a fire elemental
112975 | Abyss    | Noticed an earth elemental
112985 | Abyss    | Defeated an earth elemental
113336 | Abyss    | Noticed a shining eye
113343 | Abyss    | Gained mutation: Your vision is extremely blurry.
113344 | Abyss    | Defeated a shining eye
113555 | Abyss    | Noticed a soul eater
113563 | Abyss    | Defeated a soul eater
113695 | Abyss    | Noticed an Angel
113714 | Abyss    | Noticed a mottled draconian monk
113726 | Abyss    | Defeated a mottled draconian monk
113782 | Abyss    | Got a smoking chain mail
113787 | Abyss    | Noticed a naga mage
113795 | Abyss    | Defeated a naga mage
114816 | Abyss    | Noticed an ice beast
114823 | Abyss    | Defeated an ice beast
115138 | Abyss    | Noticed a spiny worm
115142 | Abyss    | Defeated a spiny worm
115176 | Abyss    | Noticed a brown ugly thing
115176 | Abyss    | Noticed a brown ugly thing
115176 | Abyss    | Noticed a brown ugly thing
115177 | Abyss    | Noticed a brown ugly thing
115179 | Abyss    | Defeated a brown ugly thing
115181 | Abyss    | Defeated a brown ugly thing
115183 | Abyss    | Defeated a brown ugly thing
115187 | Abyss    | Gained mutation: You have a fast metabolism.
115214 | Abyss    | Noticed a purple draconian
115226 | Abyss    | Defeated a purple draconian
115253 | Abyss    | Defeated a cyan ugly thing
115368 | Abyss    | Noticed a silent spectre
115377 | Abyss    | Defeated a silent spectre
115751 | Abyss    | Noticed an eidolon
115756 | Abyss    | Defeated an eidolon
116094 | Abyss    | Noticed a reaper
116099 | Abyss    | Defeated a reaper
116142 | Abyss    | Noticed a white draconian zealot
116163 | Abyss    | Defeated a white draconian zealot
116285 | Abyss    | Got an ancient leather armour
116459 | Abyss    | Donated 2189 gold pieces to Zin
116568 | Abyss    | Noticed a jelly
116570 | Abyss    | Defeated a jelly
116722 | Abyss    | Lost mutation: You have a fast metabolism.
116722 | Abyss    | Lost mutation: You occasionally shout uncontrollably.
116722 | Abyss    | Lost mutation: You are dopey (Int -1).
116722 | Abyss    | Lost mutation: You are resistant to electric shocks.
116975 | Abyss    | Noticed a soul eater
116987 | Abyss    | Defeated a soul eater
117025 | Abyss    | Noticed a hellephant
117053 | Abyss    | Lost mutation: Your vision is extremely blurry.
117053 | Abyss    | Lost mutation: You are clumsy (Dex -1).
117053 | Abyss    | Lost mutation: Your vision is quite blurry.
117053 | Abyss    | Lost mutation: Your magical capacity is low (-10% MP).
117062 | Abyss    | Defeated a hellephant
117293 | Abyss    | Got a slimy splint mail
117294 | Abyss    | Noticed a flayed ghost
117300 | Abyss    | Defeated a flayed ghost
117538 | Abyss    | Noticed a great orb of eyes
117547 | Abyss    | Defeated a great orb of eyes
117818 | Abyss    | Noticed a black draconian
117833 | Abyss    | Defeated a black draconian
117932 | Abyss    | Noticed an unborn deep dwarf
117939 | Abyss    | Noticed a flayed ghost
117939 | Abyss    | Noticed a flayed ghost
117941 | Abyss    | Defeated an unborn deep dwarf
117947 | Abyss    | Defeated a flayed ghost
117950 | Abyss    | Defeated a flayed ghost
117969 | Abyss    | Noticed a green draconian
118045 | Abyss    | Noticed a mottled draconian simulacrum
118048 | Abyss    | Defeated a mottled draconian simulacrum
118100 | Abyss    | Got a warped plate mail
118175 | D:24     | You pass through the gate.
118578 | Hive:1   | Identified the +0 leather armour of the Fisher (You took it off a skeletal warrior in the Abyss)
118588 | Hive:1   | Identified the +6 chain mail of Grudipsa (You found it in the Abyss)
118603 | Hive:1   | Identified the +1 splint mail of Happiness (You found it in the Abyss)
118629 | Hive:1   | Identified the +5 plate mail of the Five Wishes (You found it in the Abyss)
119080 | Tomb:1   | Entered Level 1 of the Tomb of the Ancients
124680 | Tomb:1   | Reached skill level 27 in Armour
131457 | Tomb:3   | Entered Level 3 of the Tomb of the Ancients
133568 | Tomb:2   | Reached skill level 15 in Dodging
137074 | Tomb:3   | Got a droning book
137075 | Tomb:3   | Identified the Papyrus of the Unstable Mountains (You found it on level 3 of the Tomb of the Ancients)
137089 | Tomb:3   | Got a yellowed book
137090 | Tomb:3   | Identified Cetu's Disquisition on the Oath (You found it on level 3 of the Tomb of the Ancients)
137104 | Tomb:3   | Got a levitating book
137105 | Tomb:3   | Identified Sif Muna's Compendium of Changing (You found it on level 3 of the Tomb of the Ancients)
137123 | Tomb:3   | Got a pitted brass ring
137130 | Tomb:3   | Got a scintillating jade amulet
137132 | Tomb:3   | Got an ancient turquoise ring
137417 | Tomb:3   | Got a sparkling sapphire amulet
137428 | Tomb:3   | Got a torn book
137429 | Tomb:3   | Identified the Volume of Self-Knowledge and Weightlessness (You found it on level 3 of the Tomb of the Ancients)
137449 | Tomb:3   | Got a golden rune of Zot
138252 | Hive:1   | Identified the ring of Surprise {Str+2 Dex+4} (You found it on level 3 of the Tomb of the Ancients)
138253 | Hive:1   | Identified the cursed amulet "Rufuzxux" {Int+1} (You found it on level 3 of the Tomb of the Ancients)
138255 | Hive:1   | Identified the amulet "Kufakishi" (You found it on level 3 of the Tomb of the Ancients)
138255 | Hive:1   | Identified the ring of Saviour {Dex+3 Int+3} (You found it on level 3 of the Tomb of the Ancients)
139056 | Zot:5    | Got a pair of encrusted boots
139057 | Zot:5    | Identified the -5 pair of boots "Ghunex" (You acquired it on level 5 of the Realm of Zot)
139225 | Zot:5    | Noticed an orb of fire
139473 | Zot:5    | Defeated an orb of fire
139789 | Zot:5    | Noticed an orb of fire
139795 | Zot:5    | Gained mutation: You are dopey (Int -1).
139816 | Zot:5    | Defeated an orb of fire
139830 | Zot:5    | Got a faintly glowing leather armour
140032 | Zot:5    | Noticed an ancient lich
140037 | Zot:5    | Defeated an ancient lich
140037 | Zot:5    | Reached skill level 27 in Invocations
140058 | Zot:5    | Noticed an ancient lich
140080 | Zot:5    | Defeated an ancient lich
140547 | Zot:5    | Noticed an orb of fire
140580 | Zot:5    | Defeated an orb of fire
140589 | Zot:5    | Noticed an ancient lich
140815 | Zot:5    | Defeated an ancient lich
140910 | Zot:5    | Noticed an orb of fire
140925 | Zot:5    | Noticed an ancient lich
140927 | Zot:5    | Defeated an orb of fire
140941 | Zot:5    | Defeated an ancient lich
142700 | Zot:5    | Identified the cursed +0 leather armour of Tophont (You found it on level 5 of the Realm of Zot)
142717 | Zot:5    | Got the Orb of Zot
142859 | Zot:2    | Noticed Kliwuebb the pandemonium lord
143041 | D:21     | Noticed Shutot the pandemonium lord
143041 | D:21     | Noticed an ancient lich
143247 | D:14     | Noticed Quiruyn the pandemonium lord
143251 | D:14     | Noticed a shining eye
143546 | D:1      | Noticed an orc warrior
143546 | D:1      | Noticed a cyclops
143546 | D:1      | Noticed a titan
143546 | D:1      | Noticed a hill giant
143546 | D:1      | Noticed an orc warrior
143546 | D:1      | Noticed a naga warrior
143554 | D:1      | Defeated a titan
143556 | D:1      | Defeated a hill giant
143558 | D:1      | Defeated an orc warrior
143566 | D:1      | Defeated a cyclops
143571 | D:1      | Defeated a naga warrior
143572 | D:1      | Defeated an orc warrior
143601 | D:$      | Escaped with the Orb!
